 Dungeon Crawl Stone Soup version 0.31-a0-986-g5e6e4ef867 (webtiles) character file.

Game seed: 17994522398624917833

5162 bmb222 the Protected (level 10, -3/72 HPs)
             Began as a Demonspawn Shapeshifter on Nov 21, 2023.
             Was a Priest of Nemelex Xobeh.
             Slain by a komodo dragon (15 damage)
             ... on level 8 of the Dungeon.
             The game lasted 00:19:36 (8580 turns).

bmb222 the Protected (Demonspawn Shapeshifter)      Turns: 8580, Time: 00:19:36

Health: -3/72      AC: 14    Str: 25    XL:     10   Next: 33%
Magic:  10/10      EV: 10    Int: 11    God:    Nemelex Xobeh [***...]
Gold:   572        SH:  0    Dex: 13    Spells: 9/9 levels left

rFire   + . .        M - +4 flail
rCold   + . .        (no shield)
rNeg    . . .        l - +0 plate armour
rPois   +            (helmet currently unavailable)
rElec   +            n - melded +0 cloak
rCorr   .            p - melded +0 pair of gloves
SInv    .            (boots currently unavailable)
Will    .....        (no amulet) Stlth
                     B - +6 ring of strength
HPRegen 0.32/turn    r - ring "Gehi" {rElec rPois rF+ rC+}
MPRegen 0.12/turn

%: no passive effects
@: beast-form
A: beast (slay +4), hooves 1, spiny 1, sturdy frame 3, demonic magic 1
a: Begin Untransformation, Renounce Religion, Draw Escape, Draw Destruction,
Draw Summoning, Triple Draw


You were on level 8 of the Dungeon.
You worshipped Nemelex Xobeh.
Nemelex Xobeh was most pleased with you.
You were a hulking beast.
You visited 2 branches of the dungeon, and saw 10 of its levels.

You collected 572 gold pieces.

Inventory:

Hand Weapons
 v - a +1 long sword
 E - the +3 hand axe of Nuqughiu {heavy, rC+}
   (You found it on level 6 of the Dungeon)

   rC+:       It protects you from cold.
 F - the +7 mace of Teumiaz {heavy, rF+ Int+2 Dex+3}
   (You found it on level 7 of the Dungeon)

   Int+2:     It affects your intelligence (+2).
   Dex+3:     It affects your dexterity (+3).
   rF+:       It protects you from fire.
 M - a +4 flail (weapon)
Armour
 a - a +0 animal skin
 l - a +0 plate armour (worn)
 m - a +0 scale mail
 n - a +0 cloak (melded)
 p - a +0 pair of gloves (melded)
Jewellery
 e - a ring of resist corrosion
 r - the ring "Gehi" (right hand) {rElec rPois rF+ rC+}
   (You acquired it on level 5 of the Dungeon)

   [ring of protection from cold]

   rF+:       It protects you from fire.
   rC+:       It protects you from cold.
   rElec:     It insulates you from electricity.
   rPois:     It protects you from poison
 s - a ring of protection from cold
 x - a +5 ring of evasion
 B - a +6 ring of strength (left hand)
 I - a +6 ring of intelligence
 J - a +6 ring of dexterity
Talismans
 c - a beast talisman (active)
 d - a flux talisman
Wands
 q - a wand of light (34)
 H - a wand of digging (5)
Scrolls
 f - a scroll of poison
 g - 2 scrolls of enchant weapon
 h - 9 scrolls of identify
 u - 2 scrolls of amnesia
 z - a scroll of silence
 G - 2 scrolls of fog
Potions
 b - 4 potions of lignification
 i - 2 potions of heal wounds {unknown}
 j - 2 potions of mutation {unknown}
 k - 2 potions of curing {unknown}
 o - 2 potions of might {unknown}
 t - 2 potions of brilliance {unknown}
 w - a potion of cancellation {unknown}
 C - a potion of haste {unknown}
 K - a potion of berserk rage {unknown}
 L - a potion of resistance {unknown}
Miscellaneous
 y - a lightning rod (4/4)


   Skills:
 * Level 4.2 Fighting
 - Level 3.5 Maces & Flails
 * Level 9.5 Armour
 - Level 1.9 Dodging
 - Level 0.2 Stealth
 - Level 4.5 Unarmed Combat
 * Level 3.2 Evocations
 * Level 7.2 Shapeshifting


You had 9 spell levels left.
You didn't know any spells.
Your spell library contained the following spells:

 Spells                   Type           Power      Damage    Failure   Level
 Vhi's Electric Charge    Tloc/Air       0%         N/A       100%        4
 Arcjolt                  Conj/Air       0%         1d10      100%        5
 Plasma Beam              Fire/Air       0%         2x1d10    100%        6
 Maxwell's Capacitive Co  Air            0%         ∞         100%        8


Dungeon Overview and Level Annotations

Branches:
Dungeon (9/15)             Temple (1/1) D:4
   Lair: D:8-11         Orc: D:9-12

Altars:
Fedhas
Gozag
Hepliaklqana
Kikubaaqudgha
Makhleb
Nemelex Xobeh
Okawaru
Qazlal
Ru
Sif Muna
Trog
Uskayaw
Vehumet
Xom
Yredelemnul

Shops:
D:1 :   D:2 (   D:8 **:[=

Annotations:
D:5 3 runed translucent doors, ShellytheWitch's ghost, novice KoBr; XomNomNom's ghost, amateur GnDe; tinescath's ghost, novice DEHW


Innate Abilities, Weirdness & Mutations

You are a hulking beast.
Your limbs bulge with bestial killing power. (Slay +4)
You have large cloven feet.
You are partially covered in sharp spines.
Your movements are significantly less encumbered by armour. (ER -6)
Spells you cast may paralyse adjacent enemies.


Message History

The water moccasin bites you but does no damage.
The komodo dragon attacks as it pursues you!
The komodo dragon bites you but does no damage.
There is an open door here.
The water moccasin is struck by your spines.
The water moccasin bites you. The water moccasin bites you!
Found 17 gold pieces.
The water moccasin is struck by your spines.
The water moccasin bites you but does no damage.
You thump the water moccasin!
You kill the water moccasin!
The komodo dragon barely misses you.
You barely miss the komodo dragon. The komodo dragon bites you!!
You sock the komodo dragon! You kick the komodo dragon.
The komodo dragon is heavily wounded.
The komodo dragon is struck by your spines.
The komodo dragon bites you.
The komodo dragon attacks as it pursues you!
The komodo dragon bites you!
* * * LOW HITPOINT WARNING * * *
A black bear comes into view.
The black bear growls angrily.
There is a stone staircase leading up here.
The komodo dragon is struck by your spines.
The komodo dragon closely misses you.
You climb upwards.
There is a stone staircase leading down here.
You draw a card...
You have drawn the Cloud.
Clouds appear around you! The komodo dragon bites you.
* * * LOW HITPOINT WARNING * * *
Okay, then.
You draw a card...
You have drawn Exile.
The komodo dragon closely misses you.
Unknown command.
You draw a card...
You have drawn the Dance.
The komodo dragon barely misses you.
The komodo dragon attacks as it pursues you!
The komodo dragon bites you!
You die...
Your body glows with a rainbow of weird colours and disappears.

.....##...................###'###
...........##......#......'''∩+''
....#...#..##.#....###....###+###
#...##..##..#)##...........⌠#+#⌠.
#####...#......#......##....#'#..
##..##......##.∩#.##.........
#######......)######.##....#
#.......## #######.# #.....h..#
### ####...l(## ###....##..#
####.#....§§..# ##.........§§###
#......#..§§§# ##...#####§..#
##### #####


You could see a komodo dragon (ally target) and a friendly +0 hand axe "Femud"
{antimagic, Int+2} (summoned).

Vanquished Creatures
  A hornet (D:8)
  3 slime creatures (D:8)
  A wyvern (D:7)
  A steam dragon (D:8)
  Menkaure (D:5)
  2 water moccasins
  Duvessa (D:7)
  An orc warrior (D:7)
  3 sky beasts
  2 black bears
  A centaur (D:8)
  4 ogres
  2 phantoms
  Blork the orc (D:4)
  2 bullfrogs (D:6)
  3 necrophages (D:6)
  A gnoll sergeant (D:9)
  2 scorpions (D:6)
  A water moccasin zombie (D:6)
  11 wights
  Dowan (D:7)
  2 bullfrog zombies (D:6)
  3 jellies
  2 hounds
  A human zombie (D:6)
  An orc priest (D:6)
  A sleepcap (D:4)
  10 iguanas
  4 orc wizards
  A howler monkey zombie (D:6)
  15 adders
  8 gnolls
  2 shadow imps
  2 white imps
  2 ufetubi (D:6)
  3 worms
  2 dart slugs
  19 orcs
  10 endoplasms
  3 giant cockroaches
  7 goblins
  7 hobgoblins
  4 jackals (D:1)
  5 quokkas
  7 ball pythons
  7 bats
  5 frilled lizards
  6 kobolds
  3 rats
187 creatures vanquished.

Vanquished Creatures (collateral kills)
  A sky beast (D:8)
  An orc warrior (D:8)
  2 gnoll sergeants (D:8)
  7 gnolls (D:8)
  A white imp (D:8)
  2 orcs (D:8)
14 creatures vanquished.

Grand Total: 201 creatures vanquished

Notes
Turn   | Place    | Note
-------+----------+-------------------------------------------
     0 | D:1      | bmb222 the Demonspawn Shapeshifter began the quest for the
                  | Orb.
     0 | D:1      | Reached XP level 1. HP: 15/15 MP: 1/1
   399 | D:1      | Gained mutation: Your movements are slightly less
                  | encumbered by armour. (ER -2) [demonic ancestry]
   399 | D:1      | Reached XP level 2. HP: 17/21 MP: 2/2
   567 | D:1      | Found Cumiu's Book Boutique.
   994 | D:2      | Gained mutation: Your movements are less encumbered by
                  | armour. (ER -4) [demonic ancestry]
   994 | D:2      | Reached XP level 3. HP: 23/26 MP: 3/3
  1041 | D:2      | Found Suvil's Antique Weapon Shop.
  1585 | D:2      | Reached skill level 1 in Armour
  1867 | D:2      | Gained mutation: Your movements are significantly less
                  | encumbered by armour. (ER -6) [demonic ancestry]
  1867 | D:2      | Reached XP level 4. HP: 15/32 MP: 4/4
  2487 | D:3      | Reached skill level 2 in Armour
  2683 | D:3      | Gained mutation: You are partially covered in sharp spines.
                  | [demonic ancestry]
  2683 | D:3      | Reached XP level 5. HP: 33/37 MP: 5/5
  3483 | D:4      | Noticed Blork the orc
  3503 | D:4      | Killed Blork the orc
  3504 | D:4      | Gained mutation: You have large cloven feet. [demonic
                  | ancestry]
  3504 | D:4      | Reached XP level 6. HP: 35/44 MP: 6/6
  3597 | D:4      | Reached skill level 3 in Armour
  3713 | D:4      | Found a staircase to the Ecumenical Temple.
  3756 | Temple   | Entered the Ecumenical Temple
  3797 | Temple   | Became a worshipper of Nemelex Xobeh the Trickster
  3976 | D:5      | Entered Level 5 of the Dungeon
  4005 | D:5      | Found a runed translucent gate.
  4005 | D:5      | Found a runed translucent gate.
  4016 | D:5      | Found a runed translucent gate.
  4019 | D:5      | Noticed tinescath's ghost (novice DEHW)
  4019 | D:5      | Noticed ShellytheWitch's ghost (novice KoBr)
  4024 | D:5      | Gained mutation: Spells you cast may paralyse adjacent
                  | enemies. [demonic ancestry]
  4024 | D:5      | Reached XP level 7. HP: 31/50 MP: 7/7
  4106 | D:5      | Noticed Menkaure
  4246 | D:5      | Found an opulent altar of Gozag.
  4254 | D:5      | Reached skill level 4 in Armour
  4259 | D:5      | Found a shimmering blue altar of Sif Muna.
  4313 | D:5      | Found a radiant altar of Vehumet.
  4373 | D:5      | Reached skill level 5 in Shapeshifting
  4658 | D:5      | Noticed XomNomNom's ghost (amateur GnDe)
  4730 | D:5      | Killed Menkaure
  4731 | D:5      | Reached skill level 5 in Armour
  4731 | D:5      | Reached XP level 8. HP: 31/56 MP: 8/8
  5141 | D:5      | Identified a scroll of acquirement
  5141 | D:5      | Acquired the ring "Gehi" {rElec rPois rF+ rC+}
  5388 | D:6      | Reached skill level 6 in Armour
  5511 | D:6      | Reached * piety under Nemelex Xobeh
  5682 | D:6      | Identified the +3 hand axe of Nuqughiu {heavy, rC+}
  5723 | D:6      | Reached XP level 9. HP: 60/62 MP: 9/9
  5762 | D:6      | Identified the +0 leather armour of the Cartwright {Harm
                  | *Corrode rPois}
  5770 | D:6      | Reached skill level 7 in Armour
  5872 | D:6      | Found an ancient bone altar of Kikubaaqudgha.
  5960 | D:6      | Received a gift from Nemelex Xobeh
  6200 | D:7      | Noticed Dowan
  6201 | D:7      | Noticed Duvessa
  6210 | D:7      | Killed Dowan
  6585 | D:7      | Found a burning altar of Makhleb.
  6601 | D:7      | Reached skill level 8 in Armour
  6601 | D:7      | Reached skill level 1 in Evocations
  6761 | D:7      | Reached ** piety under Nemelex Xobeh
  6783 | D:7      | Reached skill level 1 in Maces & Flails
  6893 | D:7      | Received a gift from Nemelex Xobeh
  6899 | D:7      | Identified the +7 mace of Teumiaz {heavy, rF+ Int+2 Dex+3}
  7300 | D:7      | Killed Duvessa
  7355 | D:7      | Received a gift from Nemelex Xobeh
  7426 | D:8      | Found Fara's Book Shoppe.
  7483 | D:8      | Reached skill level 9 in Armour
  7483 | D:8      | Reached XP level 10. HP: 62/71 MP: 10/10
  7578 | D:8      | Found Poreutah's Assorted Antiques.
  7923 | D:8      | Found Wadeko Opt's Antique Armour Boutique.
  7944 | D:8      | Found Xeicess's Jewellery Shop.
  8101 | D:8      | Reached *** piety under Nemelex Xobeh
  8147 | D:8      | Found Yssiofoj's Assorted Antiques.
  8579 | D:8      | Identified the +0 hand axe "Femud" {antimagic, Int+2}
  8580 | D:8      | Slain by a komodo dragon

Illustrated notes

Levels and vault maps discovered:
D:1:      spicycebolla_arrival_ecumenical, layout_basic, serial_shops, shop,
          serial_bayou_pond_d
D:2:      layout_rooms, serial_shops,
          nicolae_shop_temple_entry_statues_fountains,
          dreamdust_princess_corridor, minmay_heptomino_w4
D:3:      layout_rooms, minmay_vboxes
D:4:      layout_basic, zin_statuary, minmay_temple_entry_waves,
          minmay_misc_feat_more_columns, uniq_blork_the_orc
D:5:      layout_rooms, nicolae_vehumet_altar_sigil,
          chequers_temple_overflow_statue_of_worship, gammafunk_ghost_cemetery,
          kennysheep_opposing_triangles, uniq_menkaure
D:6:      layout_rooms, lemuel_mausoleum_altar_kikubaaqudgha
D:7:      layout_gridville, amcnicky_altar_gilded, grunt_ministairs_9,
          uniq_duvessa
D:8:      layout_cave_pools, serial_shops, shop, shop, kennysheep_mini,
          nicolae_shop_just_a_little_nook, nicolae_shop_real_fake_doors,
          grunt_ministairs_11, dk_noncrumbling_4
D:9:      layout_irregular_city, ashenzari_altar_1, nzn_wu_jian_contemplation,
          mainiacjoe_overflow_large_starburst, due_lair_maze_entry_diamond,
          minmay_holes, hangedman_minor_magic
Temple:   minmay_temple_bridge_abc

Skill      XL: |  1  2  3  4  5  6  7  8  9 10 |
---------------+-------------------------------+-----
Shapeshifting  | 3 4 5 6 7 |  7.2
Unarmed Combat | 3 4 |  4.5
Armour         | 1 2 3 5 6 9 |  9.5
Fighting       | 2 3 4 |  4.2
Evocations     | 2 3 |  3.2
Maces & Flails | 2 3 |  3.5
Dodging        | |  1.9
Stealth        | |  0.2

Action                     |  1- 3 |  4- 6 |  7- 9 | 10-12 || total
---------------------------+-------+-------+-------+-------++-------
  Melee: Unarmed           |   123 |   158 |   173 |       ||   454
         Punch             |     1 |     4 |     5 |     1 ||    11
         Kick              |       |    10 |    72 |    19 ||   101
         Flail             |       |       |    30 |    47 ||    77
         Mace              |       |       |    12 |       ||    12
 Invoke: Draw Destruction  |       |       |     1 |     2 ||     3
         Draw Summoning    |       |       |     1 |     1 ||     2
         Draw Escape       |       |       |       |     2 ||     2
  Evoke: Lightning rod     |       |       |     2 |       ||     2
    Use: Scroll            |       |     9 |     2 |       ||    11
   Stab: Sleeping          |     2 |       |       |       ||     2
 Armour: Animal skin       |    29 |       |       |       ||    29
         Scale mail        |    49 |    43 |       |       ||    92
         Plate armour      |       |    24 |   122 |    75 ||   221
  Dodge: Dodged            |    60 |   117 |   122 |    34 ||   333
   Form: Beast             |       |       |     1 |       ||     1
         Flux              |       |       |     1 |       ||     1

Table legend: (Time is in decaauts)
 A = Elapsed time spent in this place.
 B = Non-inter-level travel time spent in this place.
 C = Inter-level travel time spent in this place.
 D = Time resting spent in this place.
 E = Time spent auto-exploring this place.
 F = Levels seen in this place.
 G = Mean time per level.
                   A        B        C        D        E       F      G
               +--------+--------+--------+--------+--------+-----+--------+
         Total |   8585 |   8295 |    290 |   1629 |   4997 |  10 |  858.5 |
       Dungeon |   8520 |   8253 |    267 |   1629 |   4997 |   9 |  946.7 |
        Temple |     64 |     41 |     23 |      0 |      0 |   1 |   64.0 |
               +--------+--------+--------+--------+--------+-----+--------+

Top non-repeatable levels by time:
     D:1: 1565 daAuts
     D:6: 1151 daAuts
     D:5: 1136 daAuts
     D:8: 967 daAuts
     D:7: 947 daAuts
     D:3: 913 daAuts
     D:4: 827 daAuts
     D:2: 805 daAuts
     D:9: 204 daAuts
  Temple: 64 daAuts
